Map: Orbital Shipyard

Players

ZURC - Winner!

  • Race: Terran Terran

Miltreta

  • Race: Terran Terran
  • League: Bronze

VOD

Have the link to the VOD?

Description

Time

  • Played on: March 10, 2016, 8:10 a.m.
  • Length: 19:42
Show
View Real Time Build Order
Export as new Build Order

ZURC Terran - Winner!

Build Orders: MMM Bio 

Get SALT Encoding   

  12  0:01  SCV  
  13  0:13  SCV  
  14  0:34  Supply Depot, SCV  
  15  0:43  Refinery  
  15  0:55  SCV  
  16  0:58  Refinery  
  16  0:59  Barracks  
  16  1:07  SCV  
  17  1:19  SCV  
  18  1:32  SCV  
  19  1:44  SCV  
  20  1:49  Supply Depot  
  20  1:54  Reaper  
  20  2:01  SCV  
  22  2:12  Supply Depot  
  22  2:19  Factory  
  22  2:26  Reaper  
  23  2:36  Command Center  
  23  2:48  Engineering Bay  
  23  2:58  Marine  
  24  3:16  Marine  
  24  3:17  Factory Tech Lab  
  25  3:23  Starport  
  25  3:26  Terran Infantry Weapons Level 1  
  25  3:38  Barracks  
  25  3:41  Siege Tank  
  28  3:44  Barracks Reactor  
  26  4:20  Marine  
  26  4:21  Marine  
  26  4:22  Liberator  
  28  4:27  Barracks Tech Lab  
  28  4:35  SCV  
  29  4:38  Marine x2  
  36  4:46  Hellion  
  36  4:47  SCV  
  36  4:49  Marine  
  38  4:54  Concussive Shells  
  38  4:56  Marine  
  38  4:59  SCV  
  42  5:07  Hellion  
  42  5:08  Marauder  
  44  5:36  Marauder  
  44  5:38  Stimpack  
  44  5:41  Marine x2  
  48  5:44  Siege Tank  
  48  5:47  Medivac  
  53  5:54  Orbital Command  
  53  5:57  SCV  
  54  6:08  Supply Depot  
  54  6:30  SCV, Marauder  
  57  6:51  Marauder  
  57  6:53  Marine x2  
  61  7:10  Marine, Viking  
  61  7:11  Marine  
  61  7:13  Supply Depot, Marauder  
  67  7:18  Terran Infantry Armor Level 1  
  67  7:28  Marine  
  68  7:34  Marauder  
  68  7:36  Supply Depot  
  70  7:40  Viking  
  70  7:41  Combat Shields  
  72  8:23  Marine x3  
  75  8:31  Starport Tech Lab  
  75  8:32  Supply Depot  
  75  8:35  Siege Tank  
  75  8:41  Marine x3  
  76  8:55  Supply Depot  
  76  8:58  Marine  
  76  8:59  Marine x2  
  79  9:07  Siege Tank  
  82  9:16  Marine x2  
  82  9:17  Marine  
  83  9:19  Supply Depot  
  85  9:28  Missile Turret  
  85  9:34  Marine x2  
  87  9:43  Supply Depot  
  87  9:50  Missile Turret  
  87  10:11  Missile Turret  
  87  10:18  Missile Turret  
  87  10:32  Marine x2, Marauder, Missile Turret  
  91  10:44  Supply Depot  
  91  10:50  Marine x2  
  91  10:52  Missile Turret  
  91  10:54  Marauder  
  95  10:57  Missile Turret  
  95  11:07  Supply Depot  
  95  11:08  Marine x2  
  97  11:13  Missile Turret  
  97  11:14  Marine  
  98  11:23  Sensor Tower  
  98  11:26  Marine x2  
  98  11:30  Supply Depot  
  98  11:31  Command Center  
  98  11:32  Marine  
  98  11:33  Sensor Tower  
  97  11:50  Marine  
  98  12:16  Marine x3  
  101  12:22  Viking  
  103  12:33  Marine  
  103  12:34  Marine x2  
  106  12:51  Marine  
  106  12:52  SCV, Marine x2, Viking  
  112  13:04  SCV  
  113  13:09  Marine  
  113  13:10  Marine x2  
  116  13:13  Missile Turret  
  116  13:22  Viking  
  118  13:33  Missile Turret  
  115  14:29  SCV  
  115  14:30  Refinery  
  116  14:36  Marine  
  116  14:37  Marine x2  
  119  14:41  SCV, Banshee  
  123  14:47  Cloaking Field  
  123  14:53  SCV  
  123  14:54  Marine x2  
  123  14:55  Marine, Refinery  
  127  15:06  SCV  
  128  15:12  Marine  
  129  15:18  SCV  
  130  15:24  Banshee  
  133  16:06  Banshee  
  136  16:31  Marine  
  137  16:49  Marine, Banshee  
  141  17:06  Marine  
  142  17:24  Marine  
  143  17:32  Banshee  
  146  17:42  Marine  
Show
View Real Time Build Order
Export as new Build Order

Miltreta Terran 

Build Orders: MMM Bio 

Get SALT Encoding   

  12  0:01  SCV  
  13  0:18  SCV  
  14  0:21  Supply Depot  
  14  0:31  SCV  
  15  0:43  Refinery  
  15  0:50  SCV  
  15  0:51  Barracks  
  16  1:03  SCV  
  17  1:07  Supply Depot  
  17  1:19  SCV  
  18  1:31  SCV  
  19  1:42  Engineering Bay  
  19  1:44  Bunker  
  19  1:45  Marine  
  20  1:58  Barracks  
  20  2:00  SCV  
  21  2:02  Marine  
  22  2:13  Refinery, Terran Infantry Weapons Level 1  
  22  2:24  Marine  
  22  2:28  Orbital Command  
  23  2:49  Marine  
  23  2:51  Barracks Tech Lab  
  24  2:54  SCV  
  25  3:12  Barracks Reactor  
  24  3:13  Combat Shields  
  24  3:17  Marauder  
  26  3:31  Barracks  
  26  3:42  Command Center  
  26  4:01  Marine  
  27  4:19  Marine  
  27  4:22  Barracks Tech Lab  
  28  4:26  Marine x2  
  28  4:30  Terran Infantry Armor Level 1  
  30  4:32  Concussive Shells  
  30  4:34  SCV  
  31  4:46  Supply Depot  
  31  4:53  Marine x2  
  31  4:54  Marauder x2  
  31  4:55  Stimpack  
  37  5:14  SCV  
  37  5:19  SCV  
  39  5:31  Orbital Command  
  39  5:42  Factory  
  39  5:48  Missile Turret  
  39  5:54  Missile Turret  
  39  5:56  Missile Turret  
  39  6:07  Marine  
  39  6:09  Marine  
  39  6:11  Marauder x2  
  45  6:20  SCV x2  
  45  6:24  Building Armor  
  47  6:34  Missile Turret  
  47  6:37  Refinery  
  49  7:03  Factory Reactor  
  47  7:14  Starport  
  47  7:18  Armory  
  47  7:32  Supply Depot  
  47  7:35  Supply Depot  
  47  7:45  Missile Turret  
  47  7:57  Widow Mine  
  47  7:58  Widow Mine  
  51  7:59  Factory  
  51  8:03  Starport Tech Lab  
  51  8:04  Hi-Sec Auto Tracking  
  32  8:56  Marauder  
  32  8:57  Marauder  
  32  8:58  Marine x2  
  32  8:59  Widow Mine x2  
  42  9:03  Factory Tech Lab  
  42  9:15  Neosteel Frame  
  42  9:21  Marauder  
  42  9:22  Marauder  
  46  9:35  Banshee  
  49  9:43  Terran Vehicle Weapons Level 1  
  49  9:54  Marine  
  49  9:55  Marine  
  49  9:57  Marauder x2  
  55  10:18  Banshee  
  58  10:22  Fusion Core  
  58  10:33  Cloaking Field  
  58  10:35  Terran Infantry Weapons Level 2  
  58  10:53  Marine x2  
  58  10:55  Marauder x2  
  64  11:05  Siege Tank  
  67  11:17  Medivac  
  35  11:37  Cyclone  
  32  13:04  Orbital Command  
  25  15:33  Orbital Command  
  23  15:59  SCV  
  24  16:13  Orbital Command  
  24  16:14  Command Center  
  12  16:39  SCV  
  2  16:58  Command Center  
  1  18:19  Command Center  
Tags
 
Add a new tag
Caveats
  • Supply blocks, unpowered buildings, or Contaminate may cause inaccurate times.
  • Supply counts are checked every 10 seconds.